 Dungeon Crawl Stone Soup version 0.29-a0-925-g0a7a3d12f8 (webtiles) character file.

Game seed: 5585631472943100018

28 ptdevnull the Grave Robber (level 2, -1/19 HPs)
             Began as a Mummy Necromancer on July 28, 2022.
             Slain by a worm (11 damage)
             ... on level 2 of the Dungeon.
             The game lasted 00:02:34 (1491 turns).

ptdevnull the Grave Robber (Mummy Necromancer)      Turns: 1491, Time: 00:02:34

Health: -1/19      AC:  2    Str: 11    XL:     2   Next: 96%
Magic:  1/6        EV: 12    Int: 14    God:
Gold:   57         SH:  0    Dex: 12    Spells: 7/8 levels left

rFire   x . .      SeeInvis .   d - +0 short sword
rCold   + . .      Faith    .   (no shield)
rNeg    + + +      Spirit   .   a - +0 robe
rPois   ∞          Reflect  .   (no helmet)
rElec   .          Harm     .   (no cloak)
rCorr   .          Rampage  .   (no gloves)
Will    .....                   (no boots)
Stlth   ++........              (no amulet)
HPRegen 0.06/turn               (no ring)
MPRegen 0.10/turn               (no ring)

@: no status effects
A: cold resistance 1, negative energy resistance 3, torment resistance 2, heat
vulnerability 1, no potions
a: no special abilities


You were on level 2 of the Dungeon.
You visited 1 branch of the dungeon, and saw 2 of its levels.

You collected 57 gold pieces.

Inventory:

Hand Weapons
 d - a +0 short sword (weapon)
Armour
 a - a +0 robe (worn)
Scrolls
 b - 3 scrolls of identify {unknown}
 c - 2 scrolls of teleportation {unknown}


   Skills:
 - Level 1.5 Dodging
 - Level 1.5 Stealth
 + Level 3.6 Spellcasting
 + Level 4.5 Necromancy


You had 7 spell levels left.
You knew the following spells:

 Your Spells              Type           Power      Damage    Failure   Level
a - Necrotise             Necr           60%        1d7       3%          1

Your spell library contained the following spells:

 Spells                   Type           Power      Damage    Failure   Level
 Vampiric Draining        Necr           15%        2d7       10%         3
 Slow                     Hex            8%         N/A       21%         1
 Ensorcelled Hibernation  Hex/Ice        4%         N/A       30%         2
 Animate Dead             Necr           15%        N/A       30%         4
 Portal Projectile        Hex/Tloc       4%         N/A       52%         3
 Agony                    Necr           15%        N/A       65%         5
 Yara's Violent Unravell  Hex/Tmut       1%         3d3       99%         5


Dungeon Overview and Level Annotations

Branches:
Dungeon (2/15)

Altars:

Annotations:
D:2 Natasha


Innate Abilities, Weirdness & Mutations

You are immune to poison.
Your flesh is cold resistant. (rC+)
You are immune to negative energy. (rN+++)
You are immune to unholy pain and torment.
You are vulnerable to heat. (rF-)
You do not drink.


Message History

You kill the goblin!
The dead are walking!
Magic restored.
You see here a +0 dagger.
Found a leather armour.
Your goblin skeleton crumbles into dust!
You see here a +0 leather armour.
A worm comes into view.
Found a purple potion.
You see here 13 gold pieces.
Found 3 stones.
The worm writhes in agony.
You miscast Necrotise.
You are very lightly contaminated with residual magic.
Nothing appears to happen.
The worm writhes in agony.
The worm barely resists.
The worm writhes in agony.
The worm writhes in agony.
You are out of magic!
You hit the worm but do no damage.
The worm is severely wounded.
The worm bites you.
You hit the worm.
The worm is severely wounded.
Your magical contamination has completely faded away.
You hit the worm.
The worm is almost dead.
The worm bites you.
You barely miss the worm.
The worm is almost dead.
The worm completely misses you.
You barely miss the worm.
The worm is severely wounded.
You barely miss the worm.
The worm is severely wounded.
A frilled lizard comes into view.
The worm bites you!
Ouch! That really hurt!
You die...

#(. #..# # ..#
l. ... ... #.#
.#.. ####.#
..!.
#....###..###.
#. #..@w......
#.##$...#.....
#..[##....###.
####.##.####
#........#
#)##..###.#
######.##.## #
#.......<...#
#.#####.####.#


You could see a worm and a frilled lizard (wandering).

Vanquished Creatures
  5 bats (D:1)
  4 endoplasms (D:1)
  3 goblins
  3 jackals (D:1)
  2 kobolds (D:1)
  2 ball pythons (D:1)
  3 frilled lizards (D:1)
  3 rats
25 creatures vanquished.

Vanquished Creatures (collateral kills)
  A kobold (D:1)
  A ball python (D:1)
2 creatures vanquished.

Grand Total: 27 creatures vanquished

Notes
Turn   | Place    | Note
-------+----------+-------------------------------------------
     0 | D:1      | ptdevnull the Mummy Necromancer began the quest for the
                  | Orb.
     0 | D:1      | Reached XP level 1. HP: 13/13 MP: 4/4
   100 | D:1      | Got the Folio of Ensorcelling
   284 | D:1      | Reached XP level 2. HP: 19/19 MP: 4/6
   604 | D:1      | Found a faded altar of an unknown god.
  1174 | D:2      | Noticed Natasha
  1181 | D:2      | Noticed a crimson imp
  1491 | D:2      | Slain by a worm

Illustrated notes

Levels and vault maps discovered:
D:1:      arrival_zaba_pyramid, layout_loops_cross,
          shapermc_ecumenical_altar_totnotflames, kennysheep_nondescript
D:2:      layout_loops_ring, minmay_misc_feat_secret_circle,
          minmay_tetromino_o2, uniq_natasha

Skill      XL: |  1 |
---------------+----+-----
Spellcasting   | 3 |  3.6
Dodging        | |  1.5
Stealth        | |  1.5
Necromancy     | |  4.5

Action                   || total
-------------------------++-------
Melee: Short sword       ||     6
 Cast: Necrotise         ||    52
Armor: Robe              ||     1
Dodge: Dodged            ||    14

Table legend: (Time is in decaauts)
 A = Elapsed time spent in this place.
 B = Non-inter-level travel time spent in this place.
 C = Inter-level travel time spent in this place.
 D = Time resting spent in this place.
 E = Time spent auto-exploring this place.
 F = Levels seen in this place.
 G = Mean time per level.
                   A        B        C        D        E       F      G
               +--------+--------+--------+--------+--------+-----+--------+
         Total |   1514 |   1444 |     70 |    207 |   1083 |   2 |  757.0 |
       Dungeon |   1514 |   1444 |     70 |    207 |   1083 |   2 |  757.0 |
               +--------+--------+--------+--------+--------+-----+--------+

Top non-repeatable levels by time:
     D:1: 1431 daAuts
     D:2: 83 daAuts
